 Dungeon Crawl Stone Soup version 0.26.0-20-g3ca415f5b8 (webtiles) character file.

Game seed: 13919981889164328917

32 kaeus the Firebug (level 3, 0/19 HPs)
             Began as a Gargoyle Fire Elementalist on Jan 24, 2021.
             Slain by an ice beast (11 damage)
             ... on level 2 of the Dungeon.
             The game lasted 00:01:25 (1742 turns).

kaeus the Firebug (Gargoyle Fire Elementalist)      Turns: 1742, Time: 00:01:25

Health: 0/19       AC:  5    Str: 11    XL:     3   Next: 25%
Magic:  4/6        EV: 12    Int: 16    God:
Gold:   93         SH:  0    Dex: 10    Spells: 5/6 levels left

rFire    . . .     SeeInvis .   j - +0 short sword
rCold    . . .     Faith    .   (no shield)
rNeg     + . .     Spirit   .   a - +0 robe
rPois    ∞         Reflect  .   (no helmet)
rElec    +         Harm     .   (no cloak)
rCorr    .         Rampage  .   (no gloves)
Will     .....                  (no boots)
Stlth    ++........             (no amulet)
HPRegen  0.06/turn              (no ring)
MPRegen  0.10/turn              (no ring)

@: no status effects
A: negative energy resistance 1, electricity resistance, unbreathing,
petrification resistance, miasma immunity, AC +3
a: no special abilities


You were on level 2 of the Dungeon.
You visited 1 branch of the dungeon, and saw 2 of its levels.

You collected 93 gold pieces.

Inventory:

Hand Weapons
 j - a +0 short sword (weapon)
Armour
 a - a +0 robe (worn)
 k - a cursed +0 chain mail
Jewellery
 l - an uncursed amulet of guardian spirit {unknown}
Scrolls
 b - 2 scrolls of enchant weapon {unknown}
 d - 2 scrolls of remove curse {unknown}
 g - 3 scrolls of identify {unknown}
 h - a scroll of teleportation {unknown}
 o - a scroll of enchant armour {unknown}
Potions
 c - a potion of attraction {unknown}
 f - a potion of lignification {unknown}
 i - 2 potions of flight {unknown}
 m - a potion of haste {unknown}
 n - a potion of magic {unknown}


   Skills:
 - Level 1.5 Dodging
 - Level 2.1 Stealth
 + Level 2.3 Spellcasting
 * Level 2.2 Conjurations
 * Level 3.5 Fire Magic


You had 5 spell levels left.
You knew the following spells:

 Your Spells              Type           Power        Failure   Level
a - Foxfire               Conj/Fire      44%          6%          1

Your spell library contained the following spells:

 Spells                   Type           Power        Failure   Level
 Conjure Flame            Conj/Fire      11%          19%         3
 Inner Flame              Hex/Fire       7%           28%         3
 Sticky Flame             Conj/Fire      11%          52%         4
 Fireball                 Conj/Fire      5%           86%         5


Dungeon Overview and Level Annotations

Branches:
Dungeon (2/15)

Altars:


Innate Abilities, Weirdness & Mutations

You are resistant to torment.
Your stone body is resilient. (AC +3)
You are immune to poison.
You resist negative energy. (rN+)
You are resistant to electric shocks. (rElec)
You can survive without breathing.
You are immune to petrification.
You are immune to miasma.


Message History

You hit the ice beast.
The ice beast is lightly wounded.
The ice beast barely misses you.
An ice beast is nearby!
You hit the ice beast.
The ice beast is lightly wounded.
The ice beast completely misses you.
An ice beast is nearby!
You closely miss the ice beast.
The ice beast is lightly wounded.
The ice beast hits you. The ice beast freezes you!
You take 8 damage, and have 11/19 hp.
MASSIVE DAMAGE!!
You hit the ice beast.
The ice beast is moderately wounded.
The ice beast hits you but does no damage.
You hit the ice beast.
The ice beast is moderately wounded.
The ice beast hits you. The ice beast freezes you!
Ouch! That really hurt!
You die...

#.##.# #.##.#
#############.##.#
#................#
#.###########)...#
#.# ####.. #.# #.#
#.# #.# #@# #.#
#.Y...... #.#
######### #.# #.#
#.# #.# #.#


You could see an ice beast.

Vanquished Creatures
  2 worms (D:2)
  A dart slug (D:1)
  A leopard gecko (D:1)
  3 giant cockroaches
  2 goblins (D:1)
  A hobgoblin (D:1)
  2 jackals (D:1)
  3 kobolds (D:1)
  A quokka (D:2)
  2 bats (D:2)
  2 frilled lizards (D:1)
  A rat (D:1)
21 creatures vanquished.

Vanquished Creatures (others)
  89 foxfires
89 creatures vanquished.

Grand Total: 110 creatures vanquished

Notes
Turn   | Place    | Note
-------+----------+-------------------------------------------
     0 | D:1      | kaeus the Gargoyle Fire Elementalist began the quest for
                  | the Orb.
     0 | D:1      | Reached XP level 1. HP: 10/10 MP: 3/3
   443 | D:1      | Reached XP level 2. HP: 15/15 MP: 0/5
  1529 | D:2      | Reached XP level 3. HP: 19/19 MP: 0/6
  1732 | D:2      | Noticed an ice beast
  1742 | D:2      | Slain by an ice beast

Illustrated notes

Levels and vault maps discovered:
D:1:      minmay_arrival_stair_chambers, layout_basic, serial_curves,
          eino_curves_04, eino_curves_04, eino_curves_01, minivault_26,
          minmay_pentomino_t2
D:2:      layout_loops_ring, kennysheep_another_room

Skill      XL: |  1  2 |
---------------+-------+-----
Conjurations   | 2 |  2.2
Dodging        | |  1.5
Stealth        | |  2.1
Spellcasting   | |  2.3
Fire Magic     | |  3.5

Action                   || total
-------------------------++-------
Melee: Mace              ||    16
       Short sword       ||    10
 Cast: Foxfire           ||    60
Armor: Robe              ||     7
Dodge: Dodged            ||    14
